 Dungeon Crawl Stone Soup version 0.32-a0-422-g28b100f618 (webtiles) character file.

Game seed: 4536506882618636028

3444359 BubbleThief the Ninja (level 27, 207/207 HPs)
             Began as a Vampire Enchanter on Feb 21, 2024.
             Was the Champion of Dithmenos.
             Escaped with the Orb
             ... and 5 runes!
             The game lasted 03:38:07 (63241 turns).

BubbleThief the Ninja (Vampire Enchanter)          Turns: 63241, Time: 03:38:07

Health: 207/207    AC: 12    Str:  6    XL:     27
Magic:  39/39      EV: 43    Int: 29    God:    Dithmenos [******]
Gold:   3279       SH: 27    Dex: 31    Spells: 22/50 levels left

rFire   + + .        B - +9 quick blade (freeze)
rCold   + + .        w - +4 kite shield of Fyr Anwuta {rCorr Dex+3}
rNeg    + + .        H - +1 robe of Vines {NoPotionHeal Regen++++}
rPois   +            J - -2 hat of the Alchemist {rElec rPois rF+ rC+ rN+ Will+ rMut rCorr}
rElec   +            p - +4 cloak "Pona" {rF+ Slay+5}
rCorr   +            P - +2 pair of gloves {Stlth+}
SInv    +            a - +2 pair of boots {Stlth+}
Will    +++++        s - amulet "Nuzaetil" {Reflect Regen+ Slay+5 SH+5}
Stlth   ++++++++     x - ring "Qucefo" {rN+ Str+3 Int+5}
HPRegen 4.74/turn    u - ring of Jeacuocs {rPois rC+ Will++ Slay+6 Stlth-}
MPRegen 0.26/turn

%: reflection, resist mutation
@: healing quickly, wreathed by umbra, studying 2 skills
A: alive, fangs 3, see invisible, vampiric 2, agile 1, clever 1, frail 1, weak 1
0: Orb of Zot
}: 5/15 runes: decaying, serpentine, slimy, silver, abyssal
a: Exsanguinate, Renounce Religion, Shadow Step, Shadow Form


You escaped.
You worshipped Dithmenos.
Dithmenos was exalted by your worship.
You visited 11 branches of the dungeon, and saw 53 of its levels.
You visited the Abyss 1 time.
You visited 1 ziggurat, and saw 18 of its levels.
You also visited: Trove, Bailey, Ice Cave and Desolation.

You collected 9253 gold pieces.
You spent 5974 gold pieces at shops.

Inventory:

Hand Weapons
 y - the +7 captain's cutlass {speed, disarm}
   (You found it on level 3 of the Elven Halls)
 B - a +9 quick blade of freezing (weapon)
 M - a +5 rapier of holy wrath
Missiles
 W - a throwing net (quivered)
Armour
 a - a +2 pair of boots of stealth (worn)
 p - the +4 cloak "Pona" (worn) {rF+ Slay+5}
   (You found it in a treasure trove)

   Slay+5:    It affects your accuracy & damage with ranged weapons and melee
   (+5).
   rF+:       It protects you from fire.
 v - the +3 tower shield of the Shrinking Gods {Rampage Fly rN+ SInv}
   (You found it in a treasure trove)

   rN+:       It protects you from negative energy.
   SInv:      It lets you see invisible.
   Fly:       It grants you flight.
   Rampage:   It bestows one free step when moving towards enemies.
 w - the +4 kite shield of Fyr Anwuta (worn) {rCorr Dex+3}
   (You found it in a treasure trove)

   Dex+3:     It affects your dexterity (+3).
   rCorr:     It protects you from acid and corrosion.
 H - the +1 robe of Vines (worn) {NoPotionHeal Regen++++}
   (You found it on level 1 of the Snake Pit)

   NoPotionHeal: Its wearer cannot be healed by potions.
   Regen++++: It increases your rate of health regeneration.
 J - the -2 hat of the Alchemist (worn) {rElec rPois rF+ rC+ rN+ Will+ rMut rCorr}
   (You bought it in a shop on level 2 of the Orcish Mines)

   rF+:       It protects you from fire.
   rC+:       It protects you from cold.
   rElec:     It insulates you from electricity.
   rPois:     It protects you from poison rN+: It protects you from negative
   energy.
   Will+:     It increases your willpower.
   rCorr:     It protects you from acid and corrosion.
   rMut:      It protects you from mutation.
 L - a +2 pair of boots of rampaging
 P - a +2 pair of gloves of stealth (worn)
 U - a +1 kite shield of protection
Jewellery
 s - the amulet "Nuzaetil" (around neck) {Reflect Regen+ Slay+5 SH+5}
   (You found it in the Desolation of Salt)

   [amulet of reflection]

   Reflect:   It reflects blocked missile attacks.
   Slay+5:    It affects your accuracy & damage with ranged weapons and melee
   (+5).
   Regen+:    It increases your rate of health regeneration.
   SH+5:      It affects your SH (+5).
 u - the ring of Jeacuocs (right hand) {rPois rC+ Will++ Slay+6 Stlth-}
   (You found it on level 1 of the Realm of Zot)

   [ring of protection from cold]

   Slay+6:    It affects your accuracy & damage with ranged weapons and melee
   (+6).
   rC+:       It protects you from cold.
   rPois:     It protects you from poison Will++: It greatly increases your
   willpower.
   Stlth-:    It makes you less stealthy.
 x - the ring "Qucefo" (left hand) {rN+ Str+3 Int+5}
   (You found it in an ice cave)

   [ring of positive energy]

   Str+3:     It affects your strength (+3).
   Int+5:     It affects your intelligence (+5).
   rN+:       It protects you from negative energy.
 E - the ring "Qoompi Xurr" {Fly rN++ Will-}
   (You found it on level 18 of a ziggurat)

   [ring of flight]

   rN++:      It greatly protects you from negative energy.
   Will-:     It decreases your willpower.
   Fly:       It grants you flight.
 S - the ring "Naafoh" {rF++ AC+5}
   (You bought it in a shop on level 2 of the Snake Pit)

   [ring of protection]

   AC+5:      It affects your AC (+5).
   rF++:      It greatly protects you from fire.
Wands
 D - a wand of digging (20)
 N - a wand of mindburst (6)
 Q - a wand of light (47)
 R - a wand of flame (14)
Scrolls
 b - 7 scrolls of revelation
 f - 14 scrolls of teleportation
 i - 13 scrolls of enchant weapon
 k - 5 scrolls of butterflies
 q - 49 scrolls of identify
 t - a scroll of enchant armour
 C - 10 scrolls of poison
 I - 13 scrolls of vulnerability
 K - 11 scrolls of blinking
 O - 9 scrolls of amnesia
 T - 8 scrolls of fear
 V - 2 scrolls of brand weapon
 X - 14 scrolls of fog
 Y - 5 scrolls of silence
Potions
 c - 7 potions of invisibility
 d - 10 potions of mutation
 e - 5 potions of brilliance
 g - 6 potions of lignification
 h - 8 potions of attraction
 j - 4 potions of magic
 l - 14 potions of haste
 m - 29 potions of curing
 n - 18 potions of heal wounds
 o - 6 potions of cancellation
 r - 2 potions of ambrosia
 z - 10 potions of might
 A - 2 potions of resistance
 F - 4 potions of berserk rage
 G - 19 potions of enlightenment


   Skills:
 + Level 21.9 Fighting
 + Level 24.0 Short Blades
 O Level 27 Dodging
 O Level 27 Stealth
 + Level 18.3 Shields
 - Level 12.0 Spellcasting
 O Level 27 Hexes
 - Level 6.0 Summonings
 - Level 6.8 Invocations


You had 22 spell levels left.
You knew the following spells:

 Your Spells              Type           Power      Damage    Failure   Level
a - Discord               Hex            54%        N/A       1%          8
d - Sigil of Binding      Hex            100%       N/A       0%          3
e - Summon Mana Viper     Hex/Summ       85%        N/A       1%          5
f - Enfeeble              Hex            54%        N/A       1%          7
g - Yara's Violent Unrav  Hex/Alch       38%        3d15      1%          5

Your spell library contained the following spells:

 Spells                   Type           Power      Damage    Failure   Level
 Jinxbite                 Hex            100%       N/A       0%          2
 Confusing Touch          Hex            100%       N/A       0%          3
 Tukima's Dance           Hex            100%       N/A       0%          3
 Summon Small Mammal      Summ           100%       N/A       1%          1
 Call Imp                 Summ           100%       N/A       1%          2
 Ensorcelled Hibernation  Hex/Ice        100%       N/A       1%          2
 Call Canine Familiar     Summ           51%        N/A       1%          3
 Dazzling Flash           Conj/Hex       100%       N/A       1%          3
 Anguish                  Hex/Necr       38%        N/A       1%          4
 Dimensional Bullseye     Hex/Tloc       38%        N/A       1%          4
 Metabolic Englaciation   Hex/Ice        38%        N/A       1%          5
 Silence                  Hex/Air        38%        N/A       1%          5
 Summon Ice Beast         Ice/Summ       35%        N/A       5%          3
 Apportation              Tloc           34%        N/A       6%          1
 Foxfire                  Conj/Fire      68%        2x1d7     6%          1
 Freeze                   Ice            68%        1d8       6%          1
 Magic Dart               Conj           68%        1d6       6%          1
 Necrotise                Necr           68%        1d7       6%          1
 Sandblast                Erth           34%        2d9       6%          1
 Shock                    Conj/Air       68%        1d7       6%          1
 Sting                    Conj/Alch      68%        1d7       6%          1
 Blink                    Tloc           34%        N/A       10%         2
 Cigotuvi's Dreadful Rot  Necr/Alch/Air  34%        N/A       10%         2
 Lesser Beckoning         Tloc           34%        N/A       10%         2
 Mercury Vapours          Alch/Air       34%        N/A       10%         2
 Momentum Strike          Conj/Tloc      34%        3d8       10%         2
 Scorch                   Fire           34%        2d6       10%         2
 Searing Ray              Conj           34%        2d5       10%         2
 Static Discharge         Conj/Air       34%        3-5/arc   10%         2
 Sublimation of Blood     Necr           17%        N/A       10%         2
 Frozen Ramparts          Ice            34%        1d6       19%         3
 Fugue of the Fallen      Necr           17%        N/A       19%         3
 Gell's Gravitas          Tloc           17%        N/A       19%         3
 Hailstorm                Conj/Ice       17%        3d6       19%         3
 Mephitic Cloud           Conj/Alch/Air  17%        N/A       19%         3
 Ozocubu's Armour         Ice            17%        N/A       19%         3
 Passwall                 Erth           17%        N/A       19%         3
 Stone Arrow              Conj/Erth      34%        3d9       19%         3
 Swiftness                Air            17%        N/A       19%         3
 Teleport Other           Tloc           17%        N/A       19%         3
 Volatile Blastmotes      Fire/Tloc      34%        2d12      19%         3
 Animate Armour           Summ/Erth      70%        N/A       19%         4
 Martyr's Knell           Necr/Summ      35%        N/A       19%         4
 Summon Blazeheart Golem  Fire/Summ      35%        N/A       19%         4
 Summon Lightning Spire   Summ/Air       35%        N/A       19%         4
 Summon Forest            Summ/Tloc      17%        N/A       45%         5
 Airstrike                Air            8%         2d(2-18)  54%         4
 Animate Dead             Necr           17%        N/A       54%         4
 Brom's Barrelling Bould  Conj/Erth      17%        2d4       54%         4
 Dispel Undead            Necr           17%        3d10      54%         4
 Flame Wave               Conj/Fire      17%        2d7       54%         4
 Fulminant Prism          Conj/Alch      8%         3d7       54%         4
 Ignite Poison            Fire/Alch      17%        N/A       54%         4
 Iskenderun's Mystic Bla  Conj/Tloc      17%        2d5       54%         4
 Leda's Liquefaction      Alch/Erth      8%         N/A       54%         4
 Manifold Assault         Tloc           17%        N/A       54%         4
 Olgreb's Toxic Radiance  Alch           17%        N/A       54%         4
 Passage of Golubria      Tloc           17%        N/A       54%         4
 Petrify                  Alch/Erth      17%        N/A       54%         4
 Sticky Flame             Fire/Alch      17%        2d5       54%         4
 Arcjolt                  Conj/Air       8%         1d18      87%         5
 Borgnjor's Vile Clutch   Necr/Erth      8%         N/A       87%         5
 Curse of Agony           Necr           17%        N/A       87%         5
 Fireball                 Conj/Fire      8%         3d6       87%         5
 Irradiate                Conj/Alch      8%         3d14      87%         5
 Iskenderun's Battlesphe  Conj           17%        2d7       87%         5
 Lee's Rapid Deconstruct  Erth           8%         3d7*      87%         5
 Monstrous Menagerie      Summ           25%        N/A       99%         7
 Summon Hydra             Summ           25%        N/A       99%         7
 Bombard                  Conj/Erth      8%         9d2       100%        6
 Conjure Ball Lightning   Conj/Air       8%         3x3d6     100%        6
 Death Channel            Necr           8%         N/A       100%        6
 Dispersal                Tloc           8%         N/A       100%        6
 Eringya's Noxious Bog    Alch           8%         4d6       100%        6
 Plasma Beam              Fire/Air       8%         2x1d19    100%        6
 Sculpt Simulacrum        Ice/Alch       8%         N/A       100%        6
 Starburst                Conj/Fire      8%         6d4       100%        6
 Haunt                    Necr/Summ      17%        N/A       100%        7
 Malign Gateway           Summ/Tloc      17%        N/A       100%        7
 Orb of Destruction       Conj           8%         9d6       100%        7
 Ozocubu's Refrigeration  Ice            8%         4d9       100%        7
 Spellforged Servitor     Conj/Summ      17%        N/A       100%        7
 Disjunction              Tloc           8%         N/A       100%        8
 Ignition                 Fire           8%         3d5       100%        8
 Lehudib's Crystal Spear  Conj/Erth      8%         10d4      100%        8
 Summon Horrible Things   Summ           25%        N/A       100%        8
 Fire Storm               Conj/Fire      8%         8d2       100%        9
 Polar Vortex             Ice            8%         12d1*     100%        9
 Death's Door             Necr           Unusable   N/A       N/A         9

Dungeon Overview and Level Annotations

Branches:
Dungeon (15/15)            Temple (1/1) D:4            Lair (5/5) D:9
  Swamp (4/4) Lair:2        Snake (4/4) Lair:3        Slime (5/5) Lair:5
    Orc (2/2) D:11            Elf (3/3) Orc:2        Vaults (5/5) D:13
  Crypt (0/3) Vaults:2     Depths (4/4) D:15            Zot (5/5) Depths:4
 Bailey (visited)           IceCv (visited)         Desolation (visited)

Altars:
Ashenzari
Cheibriados
Dithmenos
Fedhas
Gozag
Hepliaklqana
Kikubaaqudgha
Makhleb
Nemelex Xobeh
Okawaru
Qazlal
Ru
Sif Muna
Trog
Uskayaw
Vehumet
Wu Jian
Xom
Yredelemnul
Beogh
Jiyva

Shops:
D:2 ?   D:8 *   Orc:2 (*[:*   Elf:1 (   Snake:2 =:   Snake:3 (!((*   Vaults:2 !
Vaults:3 (   Vaults:4 :==   Depths:1 !   Depths:2 :=:

Portals:
Hell: Depths:1 Depths:2 Depths:3 Depths:4
Abyss: Depths:1 Depths:2 Depths:3
Pandemonium: Depths:2 Depths:3

Annotations:
Zot:2 1 transporter


Innate Abilities, Weirdness & Mutations

Your natural rate of healing is accelerated.
You have razor-sharp teeth.
You have supernaturally acute eyesight. (SInv)
You are afflicted with vampirism and can become a bat while bloodless.
You are agile. (Dex +4, Str/Int -1)
Your mind is acute. (Int +4, Str/Dex -1)
You are frail. (-10% HP)
You are weak. (Str -2)


Message History

A mysterious force pulls you upwards. The hatch slams shut behind you.
There is a stone staircase leading down here.
You see here a +0 chain mail.
There is a stone staircase leading up here.
You climb upwards.
There is a stone staircase leading down here.
There is a stone staircase leading up here.
You climb upwards.
There is a stone staircase leading down here.
An ice devil comes into view.
You can't go up here!
You block the ice devil's attack.
You puncture the ice devil! Your bite misses the ice devil.
You hit the ice devil.
The ice devil is moderately wounded.
Your shadow hits the ice devil but does no damage.
Your shadow barely misses the ice devil.
You impale the ice devil!! You puncture the ice devil!
You kill the ice devil!
Dithmenos accepts your kill.
No target in view!
A shadow demon comes into view.
You can't go up here!
You hit the shadow demon. You bite the shadow demon! You miss the shadow demon.
You bite the shadow demon!
The shadow demon is heavily wounded.
Your shadow hits the shadow demon but does no damage. x2
You puncture the shadow demon! You freeze the shadow demon.
Your bite misses the shadow demon. You hit the shadow demon.
The shadow demon is almost dead.
You block the shadow demon's attack.
You puncture the shadow demon!
You kill the shadow demon!
Dithmenos accepts your kill.
You see here a +0 plate armour.
There is a stone staircase leading up here.
You climb upwards.
There is a stone staircase leading down here.
There is a staircase leading out of the dungeon here.
You have escaped!

#..#...##.## #.........#..
#.......##.## #.........#..
#.##.....##.######............
#.###.....##.##............#.#
#...##.....##.########.....#.#
#.##.##.....##.............#.#
###..##.##.....##########.####..
#...#.##[##..>............# #..
#.#...###.##...@..........# ##.
#...####.##..ß...........### #.
##..###.##.....#########...####.
#...#.##.....##.........#......
#.#..##.....##.##########......
#.####.....##.###.# #......
#.###.....##.####.# #.####.
#.#......##.##....# #.# #.
#.......##.######.# #.# #.


There were no monsters in sight!

Vanquished Creatures
  7 dread liches
  6 ancient liches
  11 orbs of fire
  Mara (Snake:3)
  4 Killer Klowns (Zot:5)
  the Lernaean hydra (Swamp:4)
  Sojobo (Vaults:5)
  4 curse toes
  Bai Suzhen (Snake:3)
  Saint Roka (Vaults:1)
  2 pandemonium lords
  A profane servitor (Zig:18)
  Nikola (Snake:2)
  5 golden dragons
  Norris (Depths:1)
  4 bone dragons
  2 Tzitzimimeh
  5 electric golems
  19 tentacled monstrosities
  A hellephant (Zig:18)
  An Ice Fiend (Zot:2)
  Rupert (Snake:1)
  22 Orb Guardians
  2 Hell Sentinels
  A walking crystal tome (Depths:4)
  Asterion (Depths:2)
  5 liches
  3 quicksilver dragons
  2 deep elf master archers (Elf:3)
  2 walking frostbound tomes
  An Executioner (Abyss:2)
  4 deep elf blademasters
  4 sphinxes
  7 titans
  4 death cobs
  4 tentacled starspawn
  16 acid blobs
  Frances (Snake:1)
  Kirke (Snake:1)
  7 tengu reavers
  7 shadow dragons
  14 nagarajas
  4 rockslimes
  A revenant (Zig:11)
  7 storm dragons
  5 draconian knights
  4 fire giants
  2 deep elf sorcerers
  6 draconian monks
  10 vault wardens
  2 azure jellies (Slime:5)
  6 iron dragons
  A protean progenitor (Zot:2)
  4 draconian scorchers
  5 frost giants
  2 balrugs
  Louise (D:14)
  7 draconian shifters
  A deep elf elementalist (Elf:1)
  2 angels
  An imperial myrmidon (Desolation)
  9 quicksilver oozes
  5 ghost moths
  A shard shrike simulacrum (Abyss:2)
  A draconian stormcaller (Zot:3)
  3 reapers
  17 ironbound preservers
  5 draconian annihilators
  2 ghouls (Swamp:3)
  3 orc warlords
  2 cacodemons
  2 spriggan defenders (Depths:3)
  A demonspawn blood saint (D:5)
  15 very ugly things
  7 formless jellyfish
  5 deep elf death magi
  3 green draconians
  2 vampire knights
  6 ironbound thunderhulks
  6 black draconians
  5 eleionomae
  17 stone giants
  A lorocyproca (D:10)
  5 deep elf demonologists
  7 yellow draconians
  7 dire elephants
  5 bunyips
  10 red draconians
  8 white draconians
  9 deep elf annihilators
  4 halazid warlocks (Desolation)
  5 war gargoyles
  9 purple draconians
  An eidolon (Zig:18)
  2 crystal guardians
  A blizzard demon (Abyss:3)
  11 ettins
  8 ragged hierophants (Desolation)
  4 merfolk impalers (Depths:4)
  2 jiangshi (Abyss:2)
  4 deep elf high priests
  The ghost of Poics the Covert, a journeyman CoBr of Hepliaklqana (D:12)
  3 fire dragons
  7 entropy weavers
  A green death (Abyss:2)
  16 hydras
  19 yaktaur captains
  12 great orbs of eyes
  A shambling mangrove (Swamp:4)
  3 rakshasas
  3 hell beasts
  3 salamander tyrants (Snake:4)
  12 vault guards
  5 servants of whispers (Desolation)
  6 ice dragons
  8 boulder beetles
  3 spriggan air magi
  3 ogre magi
  A juggernaut simulacrum (Zig:15)
  11 peacekeepers
  3 ghost crabs
  A sphinx zombie (Zig:15)
  3 catoblepae
  7 centaur warriors
  6 alligators
  A merfolk avatar (Zig:2)
  An anaconda (shapeshifter) (Depths:4)
  A jorogumo (Zig:5)
  Erica (D:11)
  9 ironbound frosthearts
  31 dancing weapons
  2 radroaches (Zig:13)
  9 anacondas
  3 tengu warriors
  9 two-headed ogres
  A two-headed ogre (shapeshifter) (Vaults:5)
  6 deep troll shamans
  A death yak (Lair:5)
  5 demonic crawlers
  2 titan zombies
  5 occultists
  2 spriggan berserkers (Depths:3)
  12 deep troll earth magi
  9 naga warriors
  12 naga sharpshooters
  4 thrashing horrors (Abyss:2)
  A hell knight (Zig:1)
  A hell hog (Depths:3)
  4 orc high priests
  4 wretched stars (Zig:18)
  A titan skeleton (Depths:2)
  13 sun demons
  6 shock serpents
  13 deep elf knights
  6 spriggans
  A skyshark (Depths:1)
  11 salamander mystics
  10 iron trolls
  4 skeletal warriors (D:15)
  A spectral death yak (Lair:5)
  7 sixfirhies
  6 goliath frogs
  A soul eater (D:10)
  3 glowing orange brains
  A pharaoh ant (Zig:13)
  A quicksilver dragon simulacrum (Depths:3)
  A shadow wraith (Zig:11)
  2 deep trolls (shapeshifter)
  A spectral anaconda (Lair:5)
  A spatial maelstrom (Abyss:3)
  5 large abominations
  2 spriggan druids
  4 naga ritualists
  50 deep trolls
  A shadow demon (D:2)
  13 mana vipers
  A spriggan simulacrum (IceCv)
  7 arcanists
  12 swamp dragons
  7 bog bodies
  18 deep elf archers
  13 orc knights
  2 obsidian statues
  2 orb spiders (Zot:2)
  2 phantasmal warriors (Vaults:5)
  8 lindwurms
  23 deep elf pyromancers
  3 harpies (Vaults:1)
  6 necromancers
  21 ironbound convokers
  5 orc sorcerers
  26 ugly things
  3 oklob plants (Lair:5)
  A sphinx simulacrum (Depths:2)
  20 deep elf zephyrmancers
  2 shining eyes (Slime:2)
  2 wolf spiders
  5 will-o-the-wisps
  2 manticores
  17 salamanders
  6 cyclopes
  A cyclops (shapeshifter) (Vaults:5)
  21 elephants
  23 moths of wrath
  A worldbinder (Abyss:1)
  A merfolk siren (Zig:2)
  A centaur zombie (D:15)
  16 vault sentinels
  40 black mambas
  A kobold blastminer (Orc:1)
  A dire elephant zombie (Lair:5)
  11 guardian serpents
  A torpor snail (shapeshifter) (Vaults:5)
  5 smoke demons
  4 torpor snails
  A titan simulacrum (Depths:2)
  2 gargoyles (D:11)
  A centaur skeleton (D:15)
  12 naga magi
  A water nymph (shapeshifter) (Vaults:5)
  An eye of devastation (Slime:3)
  3 hellions
  A molten gargoyle (Desolation)
  3 orange demons
  10 cane toads
  2 kobold demonologists (D:13)
  2 tormentors
  5 efreet
  11 komodo dragons
  2 rime drakes
  A redback zombie (D:15)
  Jeremiah (D:6)
  2 tengu conjurers (D:15)
  An unseen horror (Abyss:2)
  A golden dragon simulacrum (IceCv)
  18 freezing wraiths
  53 yaktaurs
  3 ice devils
  2 anaconda simulacra (IceCv)
  A yaktaur skeleton (Vaults:2)
  A harpy zombie (Abyss:2)
  4 catoblepas skeletons (Abyss:3)
  6 tyrant leeches
  9 trolls
  3 hellwings
  3 polar bears
  7 hornets
  15 blink frogs
  Prince Ribbit (D:8)
  A harpy skeleton (D:15)
  3 glass eyes
  64 saltlings
  2 human simulacra (Vaults:2)
  2 raiju
  Sigmund (D:5)
  88 slime creatures
  2 vampires
  3 small abominations
  3 ynoxinuls
  A culicivora (Vaults:1)
  5 dire elephant simulacra (IceCv)
  5 air elementals
  4 wraiths
  12 water elementals
  2 wyverns
  51 yaks
  4 shadows
  7 humans
  A basilisk (shapeshifter) (D:13)
  A black mamba skeleton (Abyss:2)
  6 basilisks
  7 fire elementals
  6 wargs
  18 vampire mosquitoes
  7 golden eyes
  2 steam dragons
  A chaos spawn (Abyss:1)
  3 neqoxecs
  6 redbacks
  4 harpy simulacra (IceCv)
  2 spectral cane toads (Lair:5)
  26 nagas
  17 swamp worms
  3 spatial vortices (Abyss:3)
  Duvessa (D:6)
  16 water moccasins
  4 acid dragons
  A hydra simulacrum (IceCv)
  A sky beast (D:7)
  2 black bears
  13 ice beasts
  An elephant zombie (Lair:5)
  10 swamp drakes
  2 ettin simulacra (IceCv)
  33 orc warriors
  17 ogres
  8 wolves
  12 laughing skulls
  3 boggarts (Vaults:1)
  5 centaurs
  A centaur (shapeshifter) (D:14)
  An elephant skeleton (Lair:5)
  Blork the orc (D:4)
  10 kobold brigands
  15 bullfrogs
  4 gnoll sergeants
  A deep troll simulacrum (IceCv)
  A cane toad simulacrum (Lair:5)
  7 earth elementals
  3 scorpions
  9 wights
  Dowan (D:6)
  9 killer bees (D:9)
  5 mutant beasts (D:8)
  3 lindwurm simulacra (IceCv)
  An elephant simulacrum (Lair:5)
  3 howler monkeys
  2 bombardier beetles
  3 electric eels (D:14)
  6 hounds
  A quasit (Abyss:2)
  Crazy Yiuf (D:5)
  14 orc priests
  An iron imp (Abyss:2)
  A jelly (D:7)
  A gnoll bouda (D:9)
  2 iguanas
  A sleepcap (D:6)
  Ijyb (D:4)
  22 orc wizards
  21 gnolls
  10 adders
  2 shadow imps
  5 white imps
  An ufetubus (Vaults:2)
  2 ribbon worms
  75 orcs
  7 ball pythons
  6 bats
  6 endoplasms
  4 giant cockroaches
  7 goblins
  5 hobgoblins
  4 quokkas
  2 frilled lizards
  25 kobolds
  6 rats
  An aspiring flesh (Zot:2)
  A starspawn tentacle (Abyss:2)
2268 creatures vanquished.

Vanquished Creatures (collateral kills)
  the Royal Jelly (Slime:5)
  2 ancient liches
  2 dread liches
  A starcursed mass (Zig:18)
  A curse toe (Zot:4)
  2 golden dragons
  2 doom hounds (Zot:4)
  2 quicksilver dragons
  A Hell Sentinel (Zig:7)
  3 tentacled monstrosities
  2 Orb Guardians (Zot:5)
  Grunn (Zot:4)
  A pandemonium lord (Zig:7)
  4 sphinxes
  A deep elf master archer (Zig:12)
  4 acid blobs (Slime:5)
  An Executioner (Zig:7)
  2 tentacled starspawn
  An ancient champion (Zig:11)
  A tengu reaver (Zig:17)
  3 storm dragons
  An azure jelly (Slime:5)
  3 rockslimes (Slime:5)
  3 draconian knights
  A draconian shifter (Zig:8)
  An iron dragon (Zig:17)
  A deep elf sorcerer (Elf:3)
  3 draconian monks (Zot:2)
  12 draconian scorchers
  6 draconian annihilators
  A deep elf elementalist (Elf:3)
  4 draconian stormcallers
  2 curse skulls (Zig:11)
  2 vault wardens
  A demonspawn corrupter (Zig:18)
  2 very ugly things (Vaults:5)
  An orc warlord (Zig:6)
  A quicksilver ooze (Slime:5)
  5 ironbound preservers
  A broodmother (Zig:13)
  A reaper (Zig:11)
  5 stone giants
  2 green draconians (Zot:3)
  A demonspawn black sun (Zig:7)
  4 deep elf annihilators (Elf:3)
  3 black draconians
  7 deep elf demonologists
  An eleionoma (Swamp:2)
  7 red draconians (Zot:2)
  7 deep elf death magi
  3 purple draconians
  6 white draconians
  A blizzard demon (Zig:18)
  2 yellow draconians (Zot:1)
  4 ettins (Vaults:5)
  A crystal guardian (Vaults:3)
  2 mummy priests (Zig:15)
  3 entropy weavers
  2 yaktaur captains
  4 deep elf high priests
  A great orb of eyes (Vaults:4)
  A salamander tyrant (Snake:4)
  21 vault guards
  A jorogumo (Zig:5)
  A caustic shrike simulacrum (IceCv)
  A peacekeeper (Desolation)
  A rakshasa (D:14)
  A servant of whispers (Elf:1)
  An ogre mage (D:15)
  An anaconda (Snake:2)
  2 dancing weapons
  A naga warrior (Snake:3)
  A death scarab (Zig:5)
  2 deep troll shamans
  2 two-headed ogres
  A deep troll earth mage (Zig:9)
  A hell hog (Zig:18)
  2 orc high priests
  2 thrashing horrors (Zig:18)
  A hell knight (Zig:17)
  A skyshark (Depths:1)
  4 deep elf knights
  2 soul eaters (Zig:11)
  A shadow wraith (Vaults:5)
  A wretched star (Zig:18)
  A sea snake (shapeshifter) (Zig:17)
  A golden dragon zombie (Zig:15)
  10 deep trolls
  A swamp dragon (Swamp:4)
  A glowing orange brain (shapeshifter) (Vaults:5)
  7 deep elf archers
  6 large abominations
  3 necromancers
  A steelbarb worm (Zig:13)
  2 bog bodies (IceCv)
  10 deep elf zephyrmancers
  6 ironbound convokers
  4 orc knights
  A wolf spider (Zig:13)
  7 deep elf pyromancers
  6 ugly things
  3 salamanders
  3 cyclopes
  An orc sorcerer (Vaults:1)
  A manticore (D:14)
  2 kobold blastminers
  A meliai (Zig:13)
  11 moths of wrath
  An apocalypse crab (Zig:18)
  A black mamba (Snake:4)
  3 vault sentinels
  An ice statue (D:14)
  6 smoke demons
  A torpor snail (Zig:5)
  2 guardian serpents
  A molten gargoyle (Desolation)
  2 naga magi
  5 yaktaurs
  2 kobold demonologists (D:12)
  2 freezing wraiths (IceCv)
  2 ancient zymes (Zig:18)
  A red devil (Zig:7)
  A guardian mummy (Zig:14)
  An efreet (D:14)
  A hornet (shapeshifter) (Zig:12)
  2 alligator simulacra (IceCv)
  A blink frog (Abyss:2)
  7 saltlings
  5 slime creatures
  A spriggan (Depths:3)
  A culicivora (Zig:13)
  2 ushabtiu
  A fire elemental (Zig:12)
  2 humans (D:13)
  6 water elementals
  A yak (D:12)
  A redback (shapeshifter) (Zig:9)
  2 minotaur simulacra (IceCv)
  3 redbacks
  A swamp worm (shapeshifter) (Zig:9)
  A naga (Snake:2)
  6 orc warriors
  4 ogres
  A nameless horror (Orc:2)
  4 earth elementals
  A lindwurm simulacrum (IceCv)
  An orc priest (Vaults:1)
  4 orc wizards
  9 mummies
  3 orcs
  A kobold (D:13)
402 creatures vanquished.

Vanquished Creatures (others)
  A doom hound (Zot:4)
  A deep elf blademaster (Elf:3)
  2 Orb Guardians (Zot:5)
  A deep elf master archer (Zig:16)
  A tentacled starspawn (Zig:18)
  A shadow dragon (Vaults:5)
  2 azure jellies (Slime:5)
  A rockslime (Slime:5)
  A draconian knight (Zot:3)
  A draconian shifter (Zot:2)
  An emperor scorpion (Zig:13)
  A demonspawn warmonger (Zig:7)
  2 draconian scorchers
  A frost giant (Zig:17)
  A ghost moth (Zig:13)
  A deep elf elementalist (Elf:3)
  2 ironbound preservers
  A demonspawn corrupter (Zig:18)
  A draconian annihilator (Zot:4)
  A very ugly thing (Vaults:5)
  3 deep elf demonologists
  A green draconian (Zot:3)
  A bunyip (Swamp:2)
  A yellow draconian (Zot:3)
  2 red draconians
  A white draconian (Zot:3)
  A blizzard demon (Zig:10)
  An ettin (Zig:17)
  A ragged hierophant (Desolation)
  3 yaktaur captains
  2 servants of whispers (Desolation)
  A salamander tyrant (Snake:4)
  A death scarab (Zig:15)
  4 deep elf knights
  A dancing weapon (D:11)
  A shadow demon (Zig:10)
  2 deep trolls (Vaults:5)
  A goliath frog (Swamp:3)
  A spriggan druid (Swamp:2)
  A deep elf archer (Zig:12)
  A flayed ghost (Zig:11)
  2 sea snakes (shapeshifter) (Zig:9)
  4 deep elf pyromancers
  An ironbound convoker (Desolation)
  A wolf spider (Zig:13)
  8 deep elf zephyrmancers
  6 moths of wrath
  A vault sentinel (Vaults:5)
  A black mamba (Snake:4)
  3 smoke demons (Zig:18)
  A torpor snail (Zig:13)
  A hellion (Zig:10)
  A yaktaur (Vaults:3)
  3 ancient zymes (Zig:18)
  7 guardian mummies
  A hellwing (Zig:10)
  A saltling (Desolation)
  A raiju (Zig:18)
  A jumping spider (Zig:13)
  A slime creature (Slime:5)
  5 humans
  A water elemental (D:14)
  A ynoxinul (Zig:18)
  2 redbacks (Zig:13)
  2 neqoxecs (Zig:18)
  A warg (Zig:6)
  3 orc warriors
  3 laughing skulls
  An orc wizard (Orc:1)
  15 mummies
  30 foxfires
  13 starspawn tentacles
177 creatures vanquished.

Grand Total: 2847 creatures vanquished

Notes
Turn   | Place    | Note
-------+----------+-------------------------------------------
     0 | D:1      | BubbleThief the Vampire Enchanter began the quest for the
                  | Orb.
     0 | D:1      | Reached XP level 1. HP: 13/13 MP: 3/3
   138 | D:1      | Reached XP level 2. HP: 19/19 MP: 5/5
   337 | D:1      | Reached skill level 5 in Stealth
   339 | D:1      | Reached skill level 5 in Hexes
   355 | D:1      | Found a faded altar of an unknown god.
   707 | D:2      | Found Ofuy's Magic Scroll Emporium.
   720 | D:2      | Gained mutation: You are afflicted with vampirism and can
                  | become a bat while bloodless. [Vampire growth]
   720 | D:2      | Reached XP level 3. HP: 9/24 MP: 6/6
   759 | D:2      | Bought a scroll of identify for 20 gold pieces
   759 | D:2      | Bought a scroll of teleportation for 30 gold pieces
  1079 | D:2      | Reached XP level 4. HP: 30/30 MP: 7/7
  1659 | D:3      | Learned a level 2 spell: Ensorcelled Hibernation
  1799 | D:3      | Reached XP level 5. HP: 35/35 MP: 8/8
  2364 | D:4      | Found a blossoming altar of Fedhas.
  2414 | D:4      | Found a shimmering altar of Xom.
  2471 | D:4      | Found a sacrificial altar of Ru.
  2471 | D:4      | Found a hazy altar of Hepliaklqana.
  2476 | D:4      | Reached XP level 6. HP: 41/41 MP: 6/9
  2504 | D:4      | Noticed Ijyb
  2521 | D:4      | Killed Ijyb
  2668 | D:4      | Found a staircase to the Ecumenical Temple.
  2674 | Temple   | Entered the Ecumenical Temple
  2869 | D:4      | Noticed Blork the orc
  2875 | D:4      | Killed Blork the orc
  3395 | D:5      | Entered Level 5 of the Dungeon
  3569 | D:5      | Reached XP level 7. HP: 46/46 MP: 7/10
  4146 | D:5      | Noticed Sigmund
  4154 | D:5      | Killed Sigmund
  4155 | D:5      | Reached skill level 5 in Short Blades
  4155 | D:5      | Reached skill level 5 in Dodging
  4155 | D:5      | Reached XP level 8. HP: 52/52 MP: 11/11
  4241 | D:5      | Found a runed translucent door.
  4242 | D:5      | Noticed Crazy Yiuf
  4368 | D:5      | Killed Crazy Yiuf
  4460 | D:6      | Noticed Jeremiah
  4462 | D:6      | Killed Jeremiah
  4526 | D:6      | Noticed Duvessa
  4553 | D:6      | Killed Duvessa
  4554 | D:6      | Reached skill level 10 in Stealth
  4571 | D:6      | Noticed Dowan
  4575 | D:6      | Killed Dowan
  4807 | D:6      | Reached XP level 9. HP: 21/57 MP: 1/12
  5223 | D:6      | Found a shadowy altar of Dithmenos.
  5282 | D:6      | Became a worshipper of Dithmenos the Shadowed
  5427 | D:7      | Learned a level 3 spell: Confusing Touch
  5447 | D:7      | Reached skill level 10 in Hexes
  5554 | D:7      | Found a flagged portal.
  5589 | Bailey   | Entered a bailey
  5607 | Bailey   | Identified the +7 dagger "Baokihiq" {flame, rCorr Int+3}
  5735 | Bailey   | Noticed an orc knight
  5763 | Bailey   | Killed an orc knight
  5763 | Bailey   | Reached * piety under Dithmenos
  6108 | D:7      | Found a snail-covered altar of Cheibriados.
  6112 | D:7      | Identified the +1 pair of boots "Itoyntashe" {*Corrode
                  | Str+8}
  6138 | D:7      | Found a stormy altar of Qazlal.
  6162 | D:7      | Found a shimmering blue altar of Sif Muna.
  6203 | D:7      | Reached XP level 10. HP: 60/63 MP: 13/13
  6516 | D:8      | Noticed Prince Ribbit
  6563 | D:8      | Found Zufipn's Assorted Antiques.
  6595 | D:8      | Noticed a juvenile shockbat beast
  6602 | D:8      | Killed a juvenile shockbat beast
  6652 | D:8      | Reached ** piety under Dithmenos
  6735 | D:8      | Killed Prince Ribbit
  6795 | D:8      | Bought a scroll labelled KONTOX SOXO for 31 gold pieces
  7470 | D:9      | Learned a level 3 spell: Tukima's Dance
  7474 | D:9      | Learned a level 3 spell: Sigil of Binding
  7651 | D:9      | Found a basalt altar of Yredelemnul.
  7709 | D:9      | Reached skill level 1 in Fighting
  7728 | D:9      | Reached *** piety under Dithmenos
  7761 | D:9      | Noticed a seven-headed hydra
  7870 | D:10     | Entered Level 10 of the Dungeon
  7963 | D:10     | Reached XP level 11. HP: 72/72 MP: 13/15
  8616 | D:11     | Noticed a two-headed ogre
  8703 | D:11     | Noticed Erica
  8707 | D:11     | Killed Erica
  8730 | D:11     | Found a staircase to the Orcish Mines.
  8818 | D:11     | Reached **** piety under Dithmenos
  8917 | D:11     | Reached skill level 10 in Short Blades
  8980 | D:11     | Noticed a boulder beetle
  8982 | D:11     | Found an iron altar of Okawaru.
  8992 | D:11     | Killed a boulder beetle
  9094 | D:11     | Noticed a deep elf pyromancer
  9112 | D:11     | Killed a deep elf pyromancer
  9113 | D:11     | Reached skill level 10 in Dodging
  9266 | D:11     | Noticed a war gargoyle
  9266 | D:11     | Noticed a two-headed ogre
  9266 | D:11     | Found the +10 dark maul {heavy}
  9387 | D:9      | Reached skill level 15 in Stealth
  9396 | D:9      | Reached XP level 12. HP: 84/84 MP: 18/18
  9488 | D:9      | Found a staircase to the Lair.
  9735 | Lair:1   | Entered Level 1 of the Lair of Beasts
  9784 | Lair:1   | Reached ***** piety under Dithmenos
  9787 | Lair:1   | Reached skill level 5 in Fighting
 10063 | Lair:1   | Identified a scroll of acquirement
 10063 | Lair:1   | Acquired the +0 buckler of Foolhardiness {rF+ Stlth+}
 10247 | Lair:1   | Reached skill level 1 in Shields
 11129 | Lair:2   | Found a staircase to the Swamp.
 11207 | Lair:2   | Noticed a boulder beetle
 11214 | Lair:2   | Killed a boulder beetle
 11215 | Lair:2   | Reached skill level 15 in Hexes
 11723 | Lair:3   | Reached XP level 13. HP: 93/93 MP: 19/19
 11756 | Lair:3   | Found a staircase to the Snake Pit.
 13691 | Lair:5   | Entered Level 5 of the Lair of Beasts
 13905 | Lair:5   | Learned a level 5 spell: Summon Mana Viper
 13947 | Lair:5   | Reached ****** piety under Dithmenos
 14075 | Lair:5   | Noticed a dire elephant
 14075 | Lair:5   | Noticed a dire elephant
 14076 | Lair:5   | Noticed a dire elephant
 14085 | Lair:5   | Noticed a dire elephant
 14090 | Lair:5   | Reached skill level 1 in Summonings
 14091 | Lair:5   | Killed a dire elephant
 14127 | Lair:5   | Reached XP level 14. HP: 105/105 MP: 20/20
 14755 | Lair:5   | Found a viscous altar of Jiyva.
 14756 | Lair:5   | Found a staircase to the Slime Pits.
 15521 | Orc:1    | Entered Level 1 of the Orcish Mines
 15773 | Orc:2    | Entered Level 2 of the Orcish Mines
 16326 | Orc:2    | Noticed an orc warlord
 16458 | Orc:2    | Found a roughly hewn altar of Beogh.
 16554 | Orc:2    | Killed an orc warlord
 16558 | Orc:2    | Found Goxariss's Book Shop.
 16578 | Orc:2    | Bought a book of Misfortune for 578 gold pieces
 16608 | Orc:2    | Found Ninath's Antique Armour Shop.
 16615 | Orc:2    | Bought the -2 hat of the Alchemist {rElec rPois rF+ rC+ rN+
                  | Will+ rMut rCorr} for 1180 gold pieces
 16615 | Orc:2    | Found the -2 hat of the Alchemist {rElec rPois rF+ rC+ rN+
                  | Will+ rMut rCorr}
 16645 | Orc:2    | Found a staircase to the Elven Halls.
 16804 | Orc:2    | Found Pec Xida's General Store.
 16858 | Orc:2    | Found Vayruogy's Antique Weapon Shop.
 16932 | Orc:2    | Found Daaq's Mass Market.
 17568 | D:12     | Found a runed translucent gate.
 17568 | D:12     | Found a runed translucent gate.
 17568 | D:12     | Found a runed translucent gate.
 17569 | D:12     | Noticed Poics's ghost (journeyman CoBr)
 17889 | D:12     | Reached XP level 15. HP: 113/113 MP: 17/22
 17929 | D:12     | Reached skill level 5 in Summonings
 18044 | D:12     | Reached skill level 5 in Spellcasting
 18350 | D:12     | You fall into a shaft and drop 1 floor!
 18670 | D:13     | Learned a level 7 spell: Enfeeble
 18951 | D:13     | Identified the +1 great sword of Destiny {protect, Dex+2}
 19422 | D:13     | Found a gate to the Vaults.
 20050 | D:14     | Found a portal to a secret trove of treasure.
 20228 | D:14     | Identified the +9 rapier of the Dead {freeze, rCorr Str+2}
 20547 | D:14     | Noticed Louise
 20552 | D:14     | Killed Louise
 20769 | D:15     | Entered Level 15 of the Dungeon
 20997 | D:15     | Reached skill level 10 in Fighting
 21357 | D:15     | HP: 4/115 [skeletal warrior/+0 trident (25)]
 22057 | D:15     | Found a staircase to the Depths.
 22078 | D:15     | Reached XP level 16. HP: 119/123 MP: 25/25
 22182 | D:15     | Reached skill level 15 in Dodging
 22506 | D:12     | Killed Poics's ghost
 22535 | D:12     | Reached skill level 1 in Invocations
 22535 | D:12     | Identified the +9 lajatang of Inedgh {protect, rPois rF+
                  | Dex+3}
 22776 | Snake:1  | Entered Level 1 of the Snake Pit
 22994 | Snake:1  | Noticed Kirke
 23012 | Snake:1  | Killed Kirke
 23436 | Snake:1  | Found the +1 robe of Vines {NoPotionHeal Regen++++}
 23504 | Snake:1  | Noticed Frances
 23507 | Snake:1  | Noticed Rupert
 23597 | Snake:1  | Killed Rupert
 23685 | Snake:1  | Killed Frances
 24287 | Snake:2  | Found Yptekh's One-of-a-Kind Rings.
 25053 | Snake:2  | Noticed Nikola
 25055 | Snake:2  | Found Loqag's Self-Published Books.
 25058 | Snake:2  | Killed Nikola
 25443 | Snake:3  | Found Meelezapn's Assorted Antiques.
 25444 | Snake:3  | Found Muboq's Weapon Shoppe.
 25444 | Snake:3  | Found Yguleerupt's Antique Weapon Emporium.
 25868 | Snake:3  | Reached XP level 17. HP: 136/137 MP: 26/26
 25894 | Snake:3  | Noticed Bai Suzhen
 25900 | Snake:3  | Killed Bai Suzhen
 26179 | Snake:3  | Found Guhasiso's Distillery.
 26185 | Snake:3  | Bought a potion of curing for 48 gold pieces
 26185 | Snake:3  | Bought a potion of haste for 160 gold pieces
 26185 | Snake:3  | Bought 2 potions of might for 128 gold pieces
 26185 | Snake:3  | Bought a potion of might for 64 gold pieces
 26185 | Snake:3  | Bought 2 potions of haste for 320 gold pieces
 26222 | Snake:3  | Found Kanij's Weapon Emporium.
 26339 | Snake:3  | Bought a crude cloak for 294 gold pieces
 26339 | Snake:3  | Identified the +0 cloak of Grace {Rampage +Blink Regen+
                  | Str-5} (You bought it in a shop on level 3 of the Snake
                  | Pit)
 26364 | Snake:3  | Noticed Mara
 26366 | Snake:3  | Killed Mara
 26550 | Snake:4  | Entered Level 4 of the Snake Pit
 26659 | Snake:4  | Reached skill level 5 in Shields
 27556 | Snake:4  | Noticed a quicksilver dragon
 27680 | Snake:4  | Killed a quicksilver dragon
 27792 | Snake:4  | Reached skill level 15 in Fighting
 27869 | Snake:4  | Got a serpentine rune of Zot
 28163 | Swamp:1  | Entered Level 1 of the Swamp
 28209 | Swamp:1  | Reached XP level 18. HP: 149/149 MP: 27/27
 30263 | Swamp:4  | Entered Level 4 of the Swamp
 30270 | Swamp:4  | Found a glacial archway.
 30288 | IceCv    | Entered an ice cave
 30335 | IceCv    | Reached skill level 15 in Short Blades
 30578 | IceCv    | Noticed a lich
 30592 | IceCv    | Killed a lich
 30623 | IceCv    | Got the Atlas of the Wendigo
 30631 | IceCv    | Identified the ring "Qucefo" {rN+ Str+3 Int+5}
 30689 | IceCv    | Found an ancient bone altar of Kikubaaqudgha.
 31321 | Swamp:4  | Identified the +0 cloak "Waufis" {Dex+7}
 31577 | Swamp:4  | Got a decaying rune of Zot
 31594 | Swamp:4  | Noticed the 27-headed Lernaean hydra
 31596 | Swamp:4  | Killed the 27-headed Lernaean hydra
 32228 | Vaults:1 | Entered Level 1 of the Vaults
 32258 | Vaults:1 | Noticed Saint Roka
 32271 | Vaults:1 | Killed Saint Roka
 32461 | Vaults:1 | Reached XP level 19. HP: 89/155 MP: 19/28
 33458 | Vaults:1 | Identified the +10 dagger of Patterns {spect, rF- Str+2
                  | Int+2 Dex+2}
 33964 | Vaults:2 | Found a staircase to the Crypt.
 34001 | Vaults:2 | Identified the +7 bardiche "Daillesa" {heavy, rPois rC-
                  | Dex+6}
 34178 | Vaults:2 | Learned a level 5 spell: Yara's Violent Unravelling
 34191 | Vaults:2 | Found Cidu's Distillery.
 34622 | Vaults:2 | Identified the +10 tower shield "Jasar" {Str+2}
 35574 | Vaults:3 | Reached XP level 20. HP: 162/162 MP: 29/29
 35888 | Vaults:3 | Identified the ring "Agruq" {rN+ Str+6}
 36534 | Vaults:3 | Found Xeamisos's Weapon Shop.
 37021 | Depths:1 | Entered Level 1 of the Depths
 37039 | Depths:1 | Found a one-way gateway to a ziggurat.
 37224 | Depths:1 | Found Afiwk's Distillery.
 37430 | Depths:1 | Found a one-way gate to the infinite horrors of the Abyss.
 37482 | Depths:1 | Found a gateway to Hell.
 37788 | Depths:2 | Noticed Asterion
 37788 | Depths:2 | Noticed Norris
 37793 | Depths:2 | Killed Asterion
 37922 | Depths:1 | Killed Norris
 38399 | Depths:2 | Reached skill level 27 in Stealth
 38622 | Depths:2 | Found Piutruyd's Book Shoppe.
 38622 | Depths:2 | Found Eleaferr's Jewellery Shop.
 38623 | Depths:2 | Found Coaluck's Book Shoppe.
 38990 | Depths:2 | Found a one-way gate leading to the halls of Pandemonium.
 39150 | Depths:3 | Noticed a bone dragon
 39153 | Depths:3 | Killed a bone dragon
 39442 | Depths:3 | Reached XP level 21. HP: 168/168 MP: 30/30
 39601 | Depths:3 | Identified the +1 robe "Relaumam" {Int+3 Stlth+}
 40348 | Depths:4 | Entered Level 4 of the Depths
 40574 | Depths:4 | Found a broken altar of Ashenzari.
 40581 | Depths:4 | Identified the amulet "Emuovolybo" {Faith MP+9}
 40779 | Depths:4 | Found a bloodstained altar of Trog.
 40787 | Depths:4 | Identified the +1 dagger of Leuwat {vamp, Will+}
 40834 | Depths:4 | Reached skill level 5 in Invocations
 41608 | Depths:4 | Noticed a golden dragon
 41627 | Depths:4 | Killed a golden dragon
 42000 | Depths:4 | Found a gate to the Realm of Zot.
 42299 | Depths:4 | Identified the +8 great mace "Danorcha" {spect, rElec rF-
                  | rN+}
 42571 | Depths:3 | Voluntarily entered the Abyss.
 42572 | Abyss:1  | Found a corrupted altar of Lugonu.
 42967 | Abyss:2  | Found a radiant altar of Vehumet.
 43295 | Abyss:3  | Found a corrupted altar of Lugonu.
 43410 | Abyss:3  | Reached XP level 22. HP: 173/174 MP: 34/34
 43783 | Abyss:3  | Got an abyssal rune of Zot
 43841 | Depths:3 | Escaped the Abyss
 43954 | Depths:2 | Bought a book of Chaos for 600 gold pieces
 43968 | Depths:2 | Learned a level 8 spell: Discord
 44028 | Zot:1    | Entered Level 1 of the Realm of Zot
 44122 | Zot:1    | Noticed a golden dragon
 44125 | Zot:1    | Killed a golden dragon
 44184 | Zot:1    | Identified the ring of Jeacuocs {rPois rC+ Will++ Slay+6
                  | Stlth-}
 44433 | Zot:1    | Noticed an orb of fire
 44438 | Zot:1    | Killed an orb of fire
 45252 | Zot:2    | Found a transporter.
 45275 | Zot:2    | Found a transporter.
 46204 | Zot:2    | Noticed an orb of fire
 46206 | Zot:2    | Found a faded altar of an unknown god.
 46207 | Zot:2    | Killed an orb of fire
 46214 | Zot:2    | Noticed an orb of fire
 46229 | Zot:2    | Gained mutation: You are frail. (-10% HP) [an orb of fire]
 46230 | Zot:2    | Gained mutation: You are occasionally teleported next to
                  | monsters. [an orb of fire]
 46231 | Zot:2    | Killed an orb of fire
 46245 | Zot:2    | Reached XP level 23. HP: 167/168 MP: 6/36
 46252 | Zot:2    | Identified the +1 long sword of Disharmony {holy, rElec}
 46440 | Zot:2    | Lost mutation: You are frail. (-10% HP) [potion of
                  | mutation]
 46440 | Zot:2    | Lost mutation: You are occasionally teleported next to
                  | monsters. [potion of mutation]
 46440 | Zot:2    | Gained mutation: Armour fits poorly on your strangely
                  | shaped body. [potion of mutation]
 46440 | Zot:2    | Gained mutation: You occasionally lose the ability to drink
                  | potions when taking damage. [potion of mutation]
 46441 | Zot:2    | Lost mutation: You occasionally lose the ability to drink
                  | potions when taking damage. [potion of mutation]
 46441 | Zot:2    | Lost mutation: Armour fits poorly on your strangely shaped
                  | body. [potion of mutation]
 46441 | Zot:2    | Gained mutation: You have large cloven feet. [potion of
                  | mutation]
 46441 | Zot:2    | Gained mutation: You are weak. (Str -2) [potion of
                  | mutation]
 46441 | Zot:2    | Gained mutation: You have a pair of small horns on your
                  | head. [potion of mutation]
 46535 | Zot:2    | Noticed a curse toe
 46535 | Zot:2    | Noticed an orb of fire
 46541 | Zot:2    | Killed an orb of fire
 46551 | Zot:2    | Killed a curse toe
 46740 | Zot:2    | Found a transporter.
 46797 | Zot:2    | Found a transporter.
 47257 | Zot:3    | Identified the +6 arbalest of the Vaults {heavy, rPois
                  | rCorr Str-2}
 47876 | Zot:4    | Noticed a curse toe
 47878 | Zot:4    | Noticed Grunn
 47880 | Zot:4    | Killed Grunn
 47880 | Zot:4    | Killed a curse toe
 48155 | Zot:4    | Noticed a curse toe
 48197 | Zot:4    | Noticed a curse toe
 48276 | Zot:3    | Killed a curse toe
 48293 | Zot:3    | Killed a curse toe
 49262 | Zot:5    | Entered Level 5 of the Realm of Zot
 49481 | Zot:5    | Identified the +0 ring mail of Distant Shores {Slay+3}
 50280 | Elf:1    | Entered Level 1 of the Elven Halls
 50313 | Elf:1    | Reached XP level 24. HP: 199/199 MP: 24/36
 50382 | Elf:1    | Found a crumbling gateway.
 50397 | Desolati | Entered the Desolation of Salt
 50941 | Desolati | Got Xetuiwn's Compendium of the Salvo
 51076 | Desolati | Identified the +4 robe "Pacwarev" {Slay+3}
 51146 | Desolati | Identified the amulet "Acymes" {-Tele rF- Regen+ Str+7
                  | Stlth+}
 51147 | Desolati | Identified the +7 glaive of Forgiveness {vamp, Str+2}
 51279 | Desolati | Got Sif Muna's Folio of Bedrock and Decomposition
 51282 | Desolati | Identified the amulet "Nuzaetil" {Reflect Regen+ Slay+5
                  | SH+5}
 51300 | Desolati | Identified the scarf of Fortitude {repulsion, Will+ Str+2
                  | Int-5 Stlth+}
 51696 | Elf:1    | Reached skill level 10 in Shields
 51830 | Elf:1    | Found Wuuska Zice's Antique Weapon Boutique.
 52330 | Elf:2    | Found a shimmering blue altar of Sif Muna.
 52516 | Elf:2    | Found a runed translucent gate.
 52518 | Elf:2    | Found a runed translucent gate.
 52519 | Elf:2    | Found a runed translucent gate.
 53334 | Elf:3    | Entered Level 3 of the Elven Halls
 53457 | Elf:3    | Identified the +9 falchion of Excruciating Pain {heavy,
                  | *Rage rN+ Dex+4}
 53885 | Elf:3    | Reached XP level 25. HP: 207/207 MP: 15/36
 54243 | Elf:3    | Found the +7 captain's cutlass {speed, disarm}
 54264 | Elf:3    | Identified the staff "Vaagum" {^Drain rF+ rN+ Necro Tloc}
 54267 | Elf:3    | Identified the +8 hand cannon of Earthquakes {flame, Dex+4}
 54282 | Elf:3    | Identified the +2 plate armour of Servitude {rElec}
 54323 | Elf:3    | Got the Handbook of Oxidation and the Anticline
 54356 | Elf:3    | Identified the +9 scimitar "Kube" {flame, rF+ Int+2}
 54905 | Snake:2  | Bought the ring "Naafoh" {rF++ AC+5} for 1113 gold pieces
 55090 | Slime:1  | Entered Level 1 of the Pits of Slime
 55114 | Slime:2  | Found a viscous altar of Jiyva.
 55471 | Slime:5  | Entered Level 5 of the Pits of Slime
 55535 | Slime:5  | Found a viscous altar of Jiyva.
 55535 | Slime:5  | Noticed the Royal Jelly
 55568 | Slime:5  | Killed the Royal Jelly
 55727 | Slime:5  | Identified the ring "Xann" {Fly Will+ Str+3 Int-3 SInv}
 55745 | Slime:5  | Got the Grimoire of the Band
 55768 | Slime:5  | Found the ring of the Octopus King
 55798 | Slime:5  | Identified a ring of the Octopus King {Fly HP+2 AC+2 EV+2
                  | SH+2}
 55862 | Slime:5  | Found the +2 cloak of the Thief {*Fog Slay-2 SInv Stlth+}
 55873 | Slime:5  | Got a slimy rune of Zot
 55874 | Slime:5  | Identified the +6 short sword "Dragonbane" {elec, Dex+3}
 55906 | Slime:5  | Identified the +8 trident of Zaariat {antimagic, rElec rF+
                  | Dex-3 Stlth+}
 56086 | Lair:5   | Identified the ring of the Suburbs {*Slow rPois rN+ Will+}
 56465 | Vaults:2 | Bought a potion of heal wounds for 110 gold pieces
 56465 | Vaults:2 | Bought a potion of mutation for 176 gold pieces
 56465 | Vaults:2 | Bought a potion of mutation for 176 gold pieces
 56465 | Vaults:2 | Bought a potion of enlightenment for 110 gold pieces
 56465 | Vaults:2 | Bought a potion of heal wounds for 110 gold pieces
 56465 | Vaults:2 | Bought a potion of curing for 66 gold pieces
 56465 | Vaults:2 | Bought a potion of mutation for 176 gold pieces
 56465 | Vaults:2 | Bought a potion of haste for 220 gold pieces
 56465 | Vaults:2 | Bought a potion of cancellation for 176 gold pieces
 56465 | Vaults:2 | Bought a potion of might for 88 gold pieces
 56685 | Vaults:4 | Reached skill level 10 in Spellcasting
 57016 | Vaults:4 | Found Basaupreidd's Jewellery Shoppe.
 57087 | Vaults:4 | Found Zisim's Jewellery Emporium.
 57115 | Vaults:4 | Reached skill level 15 in Shields
 57283 | Vaults:4 | Found Fubreb's Book Shop.
 57538 | Vaults:4 | Got the Collected Works on Ghastly Spelunking
 57625 | Vaults:5 | Entered Level 5 of the Vaults
 57690 | Vaults:5 | HP: 10/209 [ettin/+2 dire flail of protection (72)]
 57752 | Vaults:5 | Noticed a dread lich
 57758 | Vaults:5 | Killed a dread lich
 57762 | Vaults:5 | Reached XP level 26. HP: 217/217 MP: 19/37
 57920 | Vaults:5 | Noticed Sojobo
 57932 | Vaults:5 | Paralysed by an air elemental for 1 turns
 57934 | Vaults:5 | Killed Sojobo
 58068 | Vaults:5 | Identified the ring of Wulekhiw {Will+ Stlth+}
 58232 | Vaults:5 | Identified the +10 great mace of World Downfall {freeze,
                  | Stlth+}
 58561 | Vaults:5 | Identified the +1 spear of Welfare {pain, rElec rPois
                  | Dex-4}
 58564 | Vaults:5 | Identified the ring "Lukhaup" {+Blink rPois rF+ rC+}
 59257 | Vaults:5 | Got a silver rune of Zot
 59784 | D:14     | You paid a toll of +3 shadow dragon scales to enter a
                  | treasure trove
 59785 | Trove    | Entered a treasure trove
 59794 | Trove    | Identified the +4 cloak "Pona" {rF+ Slay+5}
 59795 | Trove    | Identified the +0 cloak of Courage {Rampage Int+2}
 59819 | Trove    | Identified the +4 kite shield of Fyr Anwuta {rCorr Dex+3}
 59821 | Trove    | Identified the +3 tower shield of the Shrinking Gods
                  | {Rampage Fly rN+ SInv}
 59839 | Trove    | Identified the +1 hat "Kigilin" {rF+ Dex+3}
 59858 | Trove    | Identified the +0 pair of gloves of Bad Feelings {Harm
                  | Str+3}
 60086 | Zig:1    | Entered Level 1 of a ziggurat
 60113 | Zig:2    | Entered Level 2 of a ziggurat
 60144 | Zig:3    | Entered Level 3 of a ziggurat
 60182 | Zig:4    | Entered Level 4 of a ziggurat
 60249 | Zig:5    | Entered Level 5 of a ziggurat
 60273 | Zig:5    | Identified the +1 ring mail "Yxokki" {rCorr}
 60285 | Zig:6    | Entered Level 6 of a ziggurat
 60313 | Zig:6    | Identified the ring of the Queen {Ice rPois rN+ Dex+2}
 60327 | Zig:6    | Identified the +4 shortbow of Darkness {flame, rPois Int+3}
 60329 | Zig:7    | Entered Level 7 of a ziggurat
 60336 | Zig:7    | Noticed Anuf the pandemonium lord
 60341 | Zig:7    | Killed Anuf the pandemonium lord
 60400 | Zig:7    | Identified the +4 trident "Gixole" {venom, Fly rN+ MP-9
                  | Int+3}
 60404 | Zig:8    | Entered Level 8 of a ziggurat
 60437 | Zig:8    | Identified the +2 robe of the Solstice {Int+3 Archmagi}
 60441 | Zig:8    | Identified the ring of Lady Luck {rF+ rN+ Str+3 Int-3}
 60476 | Zig:9    | Entered Level 9 of a ziggurat
 60509 | Zig:9    | Got the Handbook of the Quantum Queen Bee
 60512 | Zig:9    | Got the Anthology of Combustion and Electrocution
 60515 | Zig:9    | Got the Handbook of Blasts and Anemomancy
 60521 | Zig:9    | Identified the staff "Bosan" {rF+ Dex+3 Earth}
 60524 | Zig:10   | Entered Level 10 of a ziggurat
 60533 | Zig:10   | Noticed Ezuojaet the pandemonium lord
 60550 | Zig:10   | Identified the ring "Zeplozo" {rElec rPois Int+5 Dex+2}
 60554 | Zig:11   | Entered Level 11 of a ziggurat
 60605 | Zig:11   | Noticed a dread lich
 60606 | Zig:11   | Noticed an ancient lich
 60608 | Zig:11   | Killed an ancient lich
 60618 | Zig:11   | Killed a dread lich
 60621 | Zig:11   | Noticed a dread lich
 60632 | Zig:11   | Killed a dread lich
 60635 | Zig:11   | Identified the ring "Jofexi" {rN+ Will- Dex+2 Slay+4}
 60659 | Zig:12   | Entered Level 12 of a ziggurat
 60709 | Zig:12   | Found the +8 mithril axe "Arga" {speed, Will+}
 60821 | Zig:12   | Identified the amulet of Rari {Spirit rC+ Regen+ Str-4
                  | SInv}
 60829 | Zig:12   | Identified the +10 war axe of Dried Tears {drain, Str+4}
 60847 | Zig:13   | Entered Level 13 of a ziggurat
 61035 | Zig:13   | Identified the +2 leather armour of the Lion {Str+4}
 61040 | Zig:13   | Identified the +7 rapier of Koveso {spect, rN+}
 61047 | Zig:13   | Identified the amulet "Gepiwees" {RegenMP Str+2}
 61060 | Zig:14   | Entered Level 14 of a ziggurat
 61069 | Zig:14   | Noticed a royal mummy
 61091 | Zig:14   | Noticed a royal mummy
 61102 | Zig:15   | Entered Level 15 of a ziggurat
 61185 | Zig:15   | Noticed a royal mummy
 61196 | Zig:15   | Noticed a royal mummy
 61197 | Zig:15   | Noticed a royal mummy
 61217 | Zig:16   | Entered Level 16 of a ziggurat
 61256 | Zig:16   | Reached XP level 27. HP: 226/226 MP: 14/39
 61425 | Zig:16   | Found the brooch of Shielding {Spirit SH+8}
 61463 | Zig:16   | Identified the +2 plate armour "Fury" {rC+}
 61466 | Zig:17   | Entered Level 17 of a ziggurat
 61476 | Zig:17   | Noticed a dread lich
 61477 | Zig:17   | Noticed an ancient lich
 61477 | Zig:17   | Noticed a dread lich
 61477 | Zig:17   | Noticed a dread lich
 61478 | Zig:17   | Noticed an ancient lich
 61479 | Zig:17   | Killed an ancient lich
 61492 | Zig:17   | Killed an ancient lich
 61493 | Zig:17   | Reached skill level 27 in Hexes
 61497 | Zig:17   | Killed a dread lich
 61499 | Zig:17   | Killed a dread lich
 61505 | Zig:17   | Killed a dread lich
 61535 | Zig:17   | Got the Annotations on Ashen Damage
 61542 | Zig:17   | Identified the +8 trident of the Charming Boar {vamp,
                  | *Corrode Dex+5}
 61544 | Zig:17   | Identified the +2 orcbow of the Protecting Hero {heavy,
                  | Str+6}
 61545 | Zig:17   | Identified the +8 hand axe "Pendulum" {freeze, *Slow rElec
                  | rN+ Int+3}
 61563 | Zig:18   | Entered Level 18 of a ziggurat
 61788 | Zig:18   | Identified the amulet "Odauweo" {rC+ Regen+}
 61801 | Zig:18   | Identified the ring "Qoompi Xurr" {Fly rN++ Will-}
 62045 | Zot:5    | Noticed an ancient lich
 62055 | Zot:5    | Noticed a dread lich
 62056 | Zot:5    | Noticed an ancient lich
 62068 | Zot:5    | Noticed an orb of fire
 62074 | Zot:5    | Noticed an orb of fire
 62075 | Zot:5    | Noticed an orb of fire
 62076 | Zot:5    | Noticed an orb of fire
 62077 | Zot:5    | Noticed an orb of fire
 62077 | Zot:5    | Noticed an orb of fire
 62078 | Zot:5    | Noticed an orb of fire
 62084 | Zot:5    | Killed an orb of fire
 62085 | Zot:5    | Gained mutation: You occasionally lose the ability to drink
                  | potions when taking damage. [an orb of fire]
 62089 | Zot:5    | Killed an orb of fire
 62099 | Zot:5    | Killed an orb of fire
 62105 | Zot:5    | Killed an orb of fire
 62106 | Zot:5    | Reached skill level 27 in Dodging
 62111 | Zot:5    | Killed an orb of fire
 62116 | Zot:5    | Killed an orb of fire
 62119 | Zot:5    | Noticed an ancient lich
 62119 | Zot:5    | Noticed a dread lich
 62120 | Zot:5    | Killed an orb of fire
 62121 | Zot:5    | Killed a dread lich
 62124 | Zot:5    | Killed an ancient lich
 62128 | Zot:5    | Killed an ancient lich
 62132 | Zot:5    | Killed a dread lich
 62134 | Zot:5    | Noticed a dread lich
 62136 | Zot:5    | Noticed an ancient lich
 62147 | Zot:5    | Killed an ancient lich
 62155 | Zot:5    | Killed an ancient lich
 62157 | Zot:5    | Noticed an ancient lich
 62159 | Zot:5    | Killed a dread lich
 62178 | Zot:5    | Killed an ancient lich
 62347 | Zot:5    | Identified the +3 arbalest of Makhleb's Hope {heavy, rF-
                  | Dex+4 Stlth+}
 62552 | Zot:5    | Lost mutation: You have large cloven feet. [potion of
                  | mutation]
 62552 | Zot:5    | Lost mutation: You have a pair of small horns on your head.
                  | [potion of mutation]
 62552 | Zot:5    | Gained mutation: You are agile. (Dex +4, Str/Int -1)
                  | [potion of mutation]
 62552 | Zot:5    | Gained mutation: You expend magic power (3 MP) to
                  | strengthen your wands. [potion of mutation]
 62553 | Zot:5    | Lost mutation: You expend magic power (3 MP) to strengthen
                  | your wands. [potion of mutation]
 62553 | Zot:5    | Lost mutation: You occasionally lose the ability to drink
                  | potions when taking damage. [potion of mutation]
 62553 | Zot:5    | Gained mutation: You are frail. (-10% HP) [potion of
                  | mutation]
 62553 | Zot:5    | Gained mutation: You expend magic power (3 MP) to
                  | strengthen your wands. [potion of mutation]
 62554 | Zot:5    | Lost mutation: You expend magic power (3 MP) to strengthen
                  | your wands. [potion of mutation]
 62554 | Zot:5    | Lost mutation: You are frail. (-10% HP) [potion of
                  | mutation]
 62554 | Zot:5    | Gained mutation: You are frail. (-10% HP) [potion of
                  | mutation]
 62554 | Zot:5    | Gained mutation: Your mind is acute. (Int +4, Str/Dex -1)
                  | [potion of mutation]
 62565 | Zot:5    | Got the Orb of Zot
 62809 | Depths:2 | Noticed Isykkiec the pandemonium lord
 62815 | Depths:2 | Killed Isykkiec the pandemonium lord
 62965 | D:12     | Noticed Dien the pandemonium lord
 62975 | D:12     | Killed Dien the pandemonium lord
 63241 | D:$      | Escaped with the Orb!

Illustrated notes

Levels and vault maps discovered:
D:1:      psy_arrival_spokes, layout_loops_cross, basic_ecumenical_altar,
          dk_noncrumbling_2, minmay_pentomino_r4
D:2:      layout_loops_cross, serial_shops, shop, serial_bayou_crossing
D:3:      layout_loops_cross
D:4:      layout_loops_ring, mainiacjoe_overflow_catch_the_wave,
          nicolae_overflow_squiral, minmay_temple_entry_fiery, hex_medium,
          minmay_crossroads, uniq_ijyb, uniq_blork_the_orc
D:5:      layout_basic, uniq_crazy_yiuf_cottage, uniq_sigmund
D:6:      layout_basic, chequers_temple_overflow_statue_of_worship,
          uniq_jeremiah, uniq_duvessa
D:7:      layout_basic, kennysheep_little_box, nicolae_overflow_hidden_temple,
          overflow_temple_1_default, enter_bailey_7, minmay_quadrilaterals
D:8:      layout_rooms, serial_shops, shop, hangedman_abyss_or_decor_stabs,
          nicolae_beast_mode, uniq_prince_ribbit1
D:9:      layout_basic, mainiacjoe_overflow_tiny_flanked,
          hellmonk_lair_entry_icy, serial_glass, glass_columns_b,
          glass_columns_c, nzn_random_ring
D:10:     layout_rooms, minmay_circle_x
D:11:     minmay_roctagon, layout_small_grid,
          kennysheep_orc_monster_closet_entryway, minmay_misc_feat_hallway,
          okawaru_humans, uniq_erica
D:12:     layout_cave_pods, gammafunk_ghost_hydra_chop
D:13:     layout_basic, ximxim_vaults_locker_room
D:14:     layout_roguey, nicolae_trove_entry_crystal, tso_metal_star,
          serial_bayou, serial_bayou_pond_d, serial_bayou_pond_b,
          serial_bayou_lake_a, serial_bayou_shore_a, serial_bayou_lagoon_a,
          ice2_lemuel, uniq_louise
D:15:     grunt_enter_depths_magical_seal, layout_basic, nicolae_two_hexagons
Temple:   bh_familiar_temple
Lair:1:   layout_cellular_growth, eino_small_chamber_without_monster,
          grunt_megastairs_2, infiniplex_staircase_pool
Lair:2:   layout_hall_layers, swamp_mist
Lair:3:   layout_gridlike, minmay_snake_entry_six_corridors, grunt_megastairs_1
Lair:4:   layout_long_grid, grunt_megastairs_5
Lair:5:   due_jungle_book, layout_gridlike, minmay_slime_entry_oklob_enclosed,
          st_stairs_8
Swamp:1:  layout_falls_marsh, evilmike_swamp_ruin_house_4
Swamp:2:  layout_falls_marsh, evilmike_swamp_ruin_rubble_1,
          nicolae_swamp_godswood
Swamp:3:  layout_basic_swamp, evilmike_swamp_ruin_house_2, swamp_pool_1_2
Swamp:4:  swamp_old_school, layout_basic_swamp,
          portal_ice_cave_entry_frozen_things, swamp_pool_5
Snake:1:  layout_chambers, lemuel_fruit_tree, grunt_megastairs_3, uniq_kirke,
          uniq_rupert, uniq_frances
Snake:2:  layout_gridlike, nicolae_shop_unique_rings, grunt_ministairs_8,
          nicolae_custom_books, uniq_nikola
Snake:3:  layout_honeycomb, serial_shops, nicolae_shop_pleasant_corner_grove,
          nrook_guardian_serpent_double, minmay_shoptagon, uniq_bai_suzhen,
          uniq_mara
Snake:4:  hellmonk_snake_rune_quicksilver_temple, layout_cave_town
Slime:1:  layout_caves
Slime:2:  layout_caves, basic_altar
Slime:3:  layout_caves, special_room [special_room_jelly]
Slime:4:  layout_caves
Slime:5:  slime_pit_nicolae_trefoil
Orc:1:    layout_caves
Orc:2:    grunt_orc_cross, layout_caves, minmay_shop_mass
Elf:1:    nicolae_elf_arrival_no_cutting_in_line, layout_geoelf_grid,
          portal_desolation_entry_nicolae_nacl, serial_shops, shop,
          nicolae_elf_blasts_and_bolts
Elf:2:    elven_hall_of_blades_hangedman_original
          [nicolae_blade_entry_antechamber], layout_loops_cross, basic_altar,
          einodemon_crawler_minivault
Elf:3:    elf_hall, layout_geoelf_diagonals
Vaults:1: nicolae_vaults_mush_room, nicolae_vaults_trapezoid_lopsided_3,
          vaults_room_fancy_cross, vaults_mumra_lcd, nicolae_vaults_turnstiles,
          grunt_vaults_swirl, grunt_vaults_diagonal, grunt_vaults_focal,
          nicolae_vaults_tangram_1, nicolae_vaults_weapon_check,
          hangedman_vaults_stagger, nicolae_vaults_trapezoid_layered,
          nicolae_vaults_house_3, nicolae_vaults_apartment_1,
          nicolae_vaults_oval_intersection, nicolae_vaults_double_plus_1,
          layout_vaults_maze_snakey, uniq_saint_roka
Vaults:2: vaults_room_glass_cross, nicolae_vaults_apartment_1,
          nicolae_vaults_offset_grid_hallway_2,
          minmay_crypt_entry_nasty_monster, vaults_room_boxed,
          nicolae_vaults_layer_cake_slice, hangedman_vaults_stretched_pinwheel,
          nicolae_vaults_ring_of_whatevers, nicolae_vaults_trapezoid_lopsided_3,
          v_pattern_4, vaults_room_pool, nicolae_vaults_windows_and_doors_thing,
          v_alt_pattern_2, nicolae_vaults_storage_room_statues, serial_ice_m,
          v_rooms_3, v_misc_16, layout_vaults_omnibox, serial_shops,
          nicolae_shop_pleasant_corner_grove
Vaults:3: nicolae_vaults_double_plus_1, nicolae_vaults_diamond_2,
          hangedman_vaults_locks, nicolae_vaults_diagonal_hallway_8,
          ontoclasm_vaults_gateway, ontoclasm_vaults_bender,
          nicolae_vaults_diffraction_hallways, hangedman_vaults_cutoff,
          nicolae_vaults_sesquioval_fish, nicolae_vaults_house_3,
          nicolae_vaults_border_crossing, nicolae_vaults_mini_display_case,
          nicolae_vaults_specimen_jars, nicolae_vaults_taking_the_gang_shopping,
          layout_vaults_chaotic_city
Vaults:4: nicolae_vaults_trapezoid_3, vaults_mumra_minichess_inversion,
          nicolae_vaults_tetromino_T_1, vaults_room_door_ring,
          nicolae_vaults_closet_pinwheel_5, ontoclasm_vaults_shuriken,
          ontoclasm_vaults_claustrophobia, nicolae_vaults_sightless_eye,
          layout_vaults_omnigrid, serial_shops, shop, nicolae_shop_gaudy_bauble,
          shop
Vaults:5: uniq_sojobo
Depths:1: layout_cave_pools, enter_ziggurat_a, serial_shops, shop,
          hangedman_coc_ice_floe, abyss_entry_glasseish,
          serial_sigils_hangedman_leer, cheibrodos_lost_city_excavation
Depths:2: nicolae_BIG_FREAKIN_CUBE, layout_cave_pools, rand_demon_pan_entry_4,
          abyss_entry, hell_entry, hangedman_abyss_or_decor_jellyfish_corner,
          minmay_shop_grove, infiniplex_staircase_door_maze, uniq_asterion,
          uniq_norris
Depths:3: minmay_distorted_concentric_squares, layout_gridville,
          grunt_mini_vestibule, nicolae_abyss_entry_one_way_or_another,
          rand_demon_pan_entry_1, fountainhead, eino_tiny_chamber
Depths:4: grunt_x_marks_the_spot, layout_cave_shapes, evilmike_ruin_ashenzari,
          pf_dread_powers_of_hell, chequers_big_river, bloody_trog,
          serial_bayou_shore_b
Zot:1:    layout_onion_interference, hangedman_zot_decor_scrapings, st_stairs_8
Zot:2:    regret_index_infernal_bastille, layout_twisted_circle, st_stairs_8,
          nicolae_diode_intersection
Zot:3:    layout_misc_corridors
Zot:4:    layout_onion_interference, regret_index_zotdec_plus, st_stairs_4,
          hangedman_zot_decor_unnerving_road, uniq_grunn
Zot:5:    layout_gridlike

Skill      XL: |  1  2  3  4  5  6  7  8  9 10 11 12 13 14 15 16 17 18 19 20 21 22 23 24 25 26 27 |
---------------+----------------------------------------------------------------------------------+-----
Stealth        | 5 6 7 8 10 12 13 15 16 18 19 20 21 24 27 | 27.0
Hexes          | 5 6 7 8 9 11 12 13 15 16 18 21 25 26 27 | 27.0
Short Blades   | 2 3 4 5 6 8 9 10 11 12 14 15 16 17 19 20 21 22 24 | 24.0
Dodging        | 3 4 5 6 7 9 10 11 12 13 14 15 16 18 19 20 22 23 25 27 | 27.0
Fighting       | 1 4 6 8 9 10 13 15 17 18 19 20 21 | 21.9
Spellcasting   | 4 6 8 9 10 12 | 12.0
Shields        | 2 4 7 9 13 15 16 18 | 18.3
Summonings     | 1 4 6 |  6.0
Invocations    | 3 6 |  6.8

Action                     |  1- 3 |  4- 6 |  7- 9 | 10-12 | 13-15 | 16-18 | 19-21 | 22-24 | 25-27 || total
---------------------------+-------+-------+-------+-------+-------+-------+-------+-------+-------++-------
  Melee: Dagger            |    56 |   176 |   195 |   838 |  1205 |       |       |       |       ||  2470
         Bite              |     1 |    26 |    31 |   113 |   252 |   180 |   276 |   225 |   371 ||  1475
         Short sword       |       |       |    88 |       |       |       |       |       |       ||    88
         Rapier            |       |       |       |       |   194 |  1176 |  1344 |  1154 |       ||  3868
         Headbutt          |       |       |       |       |       |       |       |   249 |   577 ||   826
         Quick blade       |       |       |       |       |       |       |       |    55 |  1576 ||  1631
   Cast: Ensorcelled Hiber |       |    18 |    39 |    70 |    54 |     4 |       |       |       ||   185
         Confusing Touch   |       |       |       |    21 |    32 |       |       |       |       ||    53
         Tukima's Dance    |       |       |       |     4 |       |       |       |       |       ||     4
         Sigil of Binding  |       |       |       |       |     2 |       |       |       |       ||     2
         Summon Mana Viper |       |       |       |       |    30 |    55 |    60 |    23 |     4 ||   172
         Enfeeble          |       |       |       |       |     8 |    31 |    80 |    76 |    24 ||   219
         Discord           |       |       |       |       |       |       |       |    49 |    54 ||   103
         Yara's Violent Un |       |       |       |       |       |       |       |       |     1 ||     1
 Invoke: Shadow Step       |       |       |       |       |       |     6 |       |     4 |     1 ||    11
Ability: Exsanguinate      |       |       |     1 |       |       |       |       |       |       ||     1
         Revivify          |       |       |     1 |       |       |       |       |       |       ||     1
  Evoke: Wand              |       |       |     4 |       |     1 |       |       |     2 |       ||     7
         Box of beasts     |       |       |       |     1 |     1 |     1 |       |       |       ||     3
         Phantom mirror    |       |       |       |       |     1 |     1 |     1 |       |       ||     3
         Condenser vane    |       |       |       |       |     1 |       |       |       |       ||     1
    Use: Scroll            |     2 |     3 |     7 |     6 |    12 |     5 |       |    11 |    12 ||    58
         Potion            |       |       |       |       |       |     1 |     2 |     4 |     8 ||    15
   Stab: Sleeping          |    17 |    21 |    38 |    65 |   136 |   141 |   166 |   114 |    86 ||   784
         Distracted        |     1 |       |     1 |     2 |    22 |    34 |    54 |    40 |    12 ||   166
         Confused          |       |       |       |    16 |    32 |       |     2 |       |       ||    50
         Petrified         |       |       |       |       |     2 |       |       |       |       ||     2
         Invisible         |       |       |       |       |     4 |    24 |    65 |    59 |    11 ||   163
 Armour: Robe              |    17 |    40 |   105 |    63 |       |   287 |   292 |   300 |   204 ||  1308
         Steam dragon scal |       |       |       |   114 |   262 |    18 |       |       |       ||   394
  Dodge: Dodged            |    25 |   109 |   273 |   738 |   963 |  1091 |  1251 |   840 |   423 ||  5713
  Block: Buckler           |       |       |       |    34 |   266 |   362 |   478 |   317 |    15 ||  1472
         Reflection        |       |       |       |       |       |       |       |    20 |    29 ||    49
         Kite shield       |       |       |       |       |       |       |       |       |   687 ||   687

Table legend: (Time is in decaauts)
 A = Elapsed time spent in this place.
 B = Non-inter-level travel time spent in this place.
 C = Inter-level travel time spent in this place.
 D = Time resting spent in this place.
 E = Time spent auto-exploring this place.
 F = Levels seen in this place.
 G = Mean time per level.
                   A        B        C        D        E       F      G
               +--------+--------+--------+--------+--------+-----+--------+
         Total |  60318 |  55482 |   4836 |   2108 |  36093 |  78 |  773.3 |
       Dungeon |  15779 |  14064 |   1715 |    131 |  10281 |  15 | 1051.9 |
        Temple |      1 |      1 |      0 |      0 |      0 |   1 |    1.0 |
          Lair |   5631 |   4971 |    660 |     18 |   3657 |   5 | 1126.2 |
         Swamp |   3001 |   2819 |    182 |      2 |   2094 |   4 |  750.2 |
     Snake Pit |   5220 |   4875 |    345 |     91 |   3392 |   4 | 1305.0 |
    Slime Pits |    826 |    808 |     18 |     23 |     39 |   5 |  165.2 |
  Orcish Mines |   1843 |   1606 |    237 |     14 |   1103 |   2 |  921.5 |
   Elven Halls |   3108 |   2889 |    219 |    146 |   1779 |   3 | 1036.0 |
        Vaults |   7638 |   7090 |    548 |    129 |   5288 |   5 | 1527.6 |
        Depths |   5747 |   5245 |    502 |    326 |   3577 |   4 | 1436.8 |
           Zot |   6534 |   6128 |    406 |    762 |   3574 |   5 | 1306.8 |
         Abyss |   1080 |   1080 |      0 |      0 |     19 |   3 |  360.0 |
      Ziggurat |   1696 |   1696 |      0 |    465 |    193 |  18 |   94.2 |
         Trove |    131 |    131 |      0 |      0 |     17 |   1 |  131.0 |
        Bailey |    408 |    408 |      0 |      0 |    179 |   1 |  408.0 |
      Ice Cave |    694 |    694 |      0 |      0 |    352 |   1 |  694.0 |
    Desolation |    973 |    973 |      0 |      0 |    548 |   1 |  973.0 |
               +--------+--------+--------+--------+--------+-----+--------+

Top non-repeatable levels by time:
   Zot:2: 2329 daAuts
Depths:4: 1993 daAuts
Vaults:5: 1855 daAuts
Vaults:3: 1825 daAuts
 Snake:1: 1595 daAuts
Depths:3: 1570 daAuts
    D:15: 1546 daAuts
Vaults:1: 1529 daAuts
    D:14: 1508 daAuts
  Lair:5: 1494 daAuts
    D:13: 1464 daAuts
   Orc:2: 1427 daAuts
     D:4: 1340 daAuts
   Zot:3: 1314 daAuts
 Snake:4: 1297 daAuts
